 Dungeon Crawl Stone Soup version 0.29-a0-397-g846e4a0bbc (webtiles) character file.

Game seed: 17464429151414729913

346 quinnr the Zephyrmancer (level 6, -2/32 HPs)
             Began as a Tengu Air Elementalist on May 12, 2022.
             Killed by their own static electricity (3 damage)
             ... on level 4 of the Dungeon.
             The game lasted 00:09:17 (4743 turns).

quinnr the Zephyrmancer (Tengu Air Elementalist)    Turns: 4743, Time: 00:09:17

Health: -2/32      AC:  3    Str:  8    XL:     6   Next: 59%
Magic:  2/10       EV: 16    Int: 18    God:
Gold:   212        SH:  0    Dex: 14    Spells: 2/9 levels left

rFire   . . .      SeeInvis .   o - +0 dagger (venom)
rCold   . . .      Faith    .   (no shield)
rNeg    . . .      Spirit   .   a - +0 robe
rPois   .          Reflect  .   (helmet restricted)
rElec   .          Harm     .   (no cloak)
rCorr   .          Rampage  .   m - +0 pair of gloves
Will    .....                   (boots unavailable)
Stlth   ++........              f - amulet of the acrobat
HPRegen 0.10/turn               (no ring)
MPRegen 0.12/turn               (no ring)

@: flying quickly and evasively, very slightly contaminated, invisible, quick
A: beak, talons 3, nimble flight
a: no special abilities


You were on level 4 of the Dungeon.
You visited 1 branch of the dungeon, and saw 4 of its levels.
You also visited: Sewer.

You collected 212 gold pieces.

Inventory:

Hand Weapons
 o - a +0 dagger of venom (weapon)
Armour
 a - a +0 robe (worn)
 e - a +0 troll leather armour {Pargi}
 m - a +0 pair of gloves (worn)
Jewellery
 f - an amulet of the acrobat (around neck)
 h - a ring of ice
Scrolls
 d - a scroll of brand weapon {unknown}
 j - a scroll of enchant armour
 p - a scroll of amnesia {unknown}
 q - a scroll of immolation {unknown}
Potions
 b - a potion of magic
 c - a potion of ambrosia {unknown}
 g - a potion of brilliance {unknown}
 i - 2 potions of mutation {unknown}
 k - 3 potions of haste
 n - a potion of berserk rage {unknown}


   Skills:
 - Level 4.0 Dodging
 - Level 2.0 Stealth
 - Level 2.0 Spellcasting
 - Level 1.3 Conjurations
 + Level 8.5 Air Magic


You had 2 spell levels left.
You knew the following spells:

 Your Spells              Type           Power      Damage    Failure   Level
a - Shock                 Conj/Air       76%        1d7       2%          1
b - Static Discharge      Conj/Air       19%        N/A       3%          2
c - Airstrike             Air            16%        N/A       5%          4

Your spell library contained the following spells:

 Spells                   Type           Power      Damage    Failure   Level
 Sublimation of Blood     Necr           1%         N/A       26%         2
 Swiftness                Air            32%        N/A       1%          3
 Petrify                  Tmut/Erth      1%         N/A       87%         4
 Irradiate                Conj/Tmut      2%         3d14      98%         5


Dungeon Overview and Level Annotations

Branches:
Dungeon (4/15)              Sewer (visited)
 Temple: D:4-7

Altars:
Kikubaaqudgha

Shops:
D:2 [

Annotations:
D:4 Grinder


Innate Abilities, Weirdness & Mutations

You have a beak for a mouth.
You have claws for feet.
Your magical nature lets you fly swiftly and evasively.


Message History

Casting: Shock (safe; 2% risk of failure)
Confirm with . or Enter, or press ? or * to list all spells.
The spell is quite dangerous to miscast (5% risk of failure)!
Continue anyway?
Okay, then.
Casting: Airstrike (quite dangerous; 5% risk of failure)
Confirm with . or Enter, or press ? or * to list all spells.
Grinder is struck by an arc of lightning.
Grinder is lightly wounded.
You are struck by an arc of lightning.
The lightning grounds out.
Grinder hits you!
Unknown command.
Unknown command.
Casting: Static Discharge (safe; 3% risk of failure)
Confirm with . or Enter, or press ? or * to list all spells.
You miscast Static Discharge.
You are very lightly contaminated with residual magic.
Nothing appears to happen.
Grinder barely misses you.
Unknown command.
Unknown command.
Casting: Static Discharge (safe; 3% risk of failure)
Confirm with . or Enter, or press ? or * to list all spells.
Grinder is struck by an arc of lightning!
Grinder is moderately wounded.
You are struck by an arc of lightning.
* * * LOW HITPOINT WARNING * * *
The lightning grounds out.
A jackal comes into view.
Grinder hits you.
* * * LOW HITPOINT WARNING * * *
You writhe in agony.
* * * LOW HITPOINT WARNING * * *
The jackal moves out of view.
Unknown command.
Unknown command.
Casting: Static Discharge (safe; 3% risk of failure)
Confirm with . or Enter, or press ? or * to list all spells.
Grinder is struck by an arc of lightning.
Grinder is moderately wounded.
You are struck by an arc of lightning.
You die...

### #..P.#.####.#
#.#<##.# #.########
#...##.####.........
###..........#######
####.####.##
#.####.########
#.........)....
######......###
#.@###.# #.....5...#
#.##..##### # #..#
#..# ...# .... #####


You could see Grinder (can't see you).

Vanquished Creatures
  Pargi (Sewer)
  Natasha (thrice) (D:2)
  An orc wizard (D:3)
  Robin (D:3)
  3 adders
  2 river rats (D:3)
  A worm (D:3)
  2 dart slugs
  5 orcs (D:3)
  6 endoplasms
  2 giant cockroaches
  20 goblins
  5 hobgoblins
  3 jackals (D:2)
  5 kobolds
  2 quokkas
  5 ball pythons
  13 bats
  2 frilled lizards
  4 rats
86 creatures vanquished.

Vanquished Creatures (others)
  A plant (D:4)
1 creature vanquished.

Grand Total: 87 creatures vanquished

Notes
Turn   | Place    | Note
-------+----------+-------------------------------------------
     0 | D:1      | quinnr the Tengu Air Elementalist began the quest for the
                  | Orb.
     0 | D:1      | Reached XP level 1. HP: 10/10 MP: 4/4
   240 | D:1      | Found a faded altar of an unknown god.
   263 | D:1      | Reached XP level 2. HP: 15/15 MP: 4/6
   530 | D:1      | Reached skill level 5 in Air Magic
   735 | D:2      | Found an ancient bone altar of Kikubaaqudgha.
   869 | D:2      | Reached XP level 3. HP: 12/19 MP: 1/7
  1342 | D:1      | HP: 1/19 [kobold/+0 dagger (2)]
  1851 | D:2      | Found Wyezal's Armour Shop.
  1910 | D:2      | Reached skill level 6 in Air Magic
  2083 | D:2      | Reached XP level 4. HP: 24/24 MP: 6/8
  2180 | D:2      | Noticed Natasha
  2191 | D:2      | Killed Natasha
  2212 | D:2      | Noticed Natasha
  2224 | D:2      | Killed Natasha
  2390 | D:2      | Noticed Natasha
  2470 | D:2      | Killed Natasha
  2471 | D:2      | Gained mutation: Your magical nature lets you fly swiftly
                  | and evasively. [Tengu growth]
  2471 | D:2      | Reached XP level 5. HP: 16/28 MP: 0/9
  2785 | D:3      | Found a glowing drain.
  2795 | Sewer    | Entered a sewer
  2882 | Sewer    | Noticed Pargi
  2889 | Sewer    | Learned a level 2 spell: Static Discharge
  2894 | Sewer    | Learned a level 4 spell: Airstrike
  2920 | Sewer    | Killed Pargi
  2921 | Sewer    | Reached skill level 7 in Air Magic
  2921 | Sewer    | Reached XP level 6. HP: 19/32 MP: 1/10
  3432 | D:3      | Reached skill level 8 in Air Magic
  3436 | D:3      | Noticed Robin
  4217 | D:3      | Killed Robin
  4737 | D:4      | Noticed Grinder
  4739 | D:4      | quinnr: ??grinder
  4739 | D:4      | beem: grinder[1/5]: A unique shadow imp who likes to
                  | paralyze you and spam pain. Can appear between D:3 and D:6.
                  | Has a friendly rivalry going on with Sigmund to see who can
                  | get more kills.
  4739 | D:4      | quinnr: ??grinder[2
  4739 | D:4      | beem: grinder[2/5]: !fight sigmund v grinder (spoilers:
                  | grinder wins)
  4739 | D:4      | quinnr: ??grinder[3
  4739 | D:4      | beem: grinder[3/5]: grinder is like a potion of exp that
                  | randomly kills you
  4739 | D:4      | quinnr: @?grinder
  4739 | D:4      | beem: Grinder (5)
                  | Spd:
    10 | HD: 6    | HP: 33-44
                  | AC/EV:
                  | 3/11
                  | Dam: 11(pain)
                  | demonic, items, doors, evil
                  | Res:
                  | will(20), cold++, poison, miasma, neg+++, torm
                  | Vul: holy,
                  | silver
                  | XP: 277
                  | Sp: pain (d14) [!sil], paralyse [!sil],
                  | blink [!sil]
                  | Sz: little
                  | Int: human.
  4742 | D:4      | HP: 1/32 [Grinder (4)]
  4743 | D:4      | Killed from afar by themself

Illustrated notes

Levels and vault maps discovered:
D:1:      mrwooster_arrival_statue, layout_basic,
          ebering_ecumenical_altar_abandoned
D:2:      layout_loops_ring, serial_shops, nicolae_shop_statue_plus,
          basic_altar, uniq_natasha
D:3:      layout_rooms, serial_glass, glass_columns_c, glass_columns_b,
          glass_columns_a, glass_columns_c, glass_columns_b,
          portal_sewer_entry_a, uniq_robin
D:4:      layout_loops_ring, nicolae_uskayaw_dance_hall,
          minmay_temple_entry_crystal_x, serial_forest,
          infiniplex_forest_clump_tiny, infiniplex_forest_clump_diagonal,
          infiniplex_forest_lined_2, infiniplex_forest_straight_4,
          infiniplex_forest_straight_4, infiniplex_forest_lined_4_way,
          infiniplex_forest_diagonal, uniq_grinder, uniq_edmund

Skill      XL: |  1  2  3  4  5  6 |
---------------+-------------------+-----
Air Magic      | 5 6 7 8 |  8.5
Dodging        | 3 4 |  4.0
Stealth        | |  2.0
Spellcasting   | |  2.0
Conjurations   | |  1.3

Action                   |  1- 3 |  4- 6 || total
-------------------------+-------+-------++-------
Melee: Unarmed           |    14 |    19 ||    33
       Kick              |     2 |     3 ||     5
       Peck              |     1 |     4 ||     5
 Cast: Shock             |    71 |   107 ||   178
       Airstrike         |       |     2 ||     2
       Static Discharge  |       |     4 ||     4
  Use: Scroll            |       |     7 ||     7
       Potion            |       |     3 ||     3
Armor: Robe              |     4 |     4 ||     8
Dodge: Dodged            |    22 |    60 ||    82

Table legend: (Time is in decaauts)
 A = Elapsed time spent in this place.
 B = Non-inter-level travel time spent in this place.
 C = Inter-level travel time spent in this place.
 D = Time resting spent in this place.
 E = Time spent auto-exploring this place.
 F = Levels seen in this place.
 G = Mean time per level.
                   A        B        C        D        E       F      G
               +--------+--------+--------+--------+--------+-----+--------+
         Total |   4670 |   4564 |    106 |   1034 |   2942 |   5 |  934.0 |
       Dungeon |   4356 |   4250 |    106 |   1034 |   2729 |   4 | 1089.0 |
         Sewer |    314 |    314 |      0 |      0 |    212 |   1 |  314.0 |
               +--------+--------+--------+--------+--------+-----+--------+

Top non-repeatable levels by time:
     D:2: 1578 daAuts
     D:1: 1398 daAuts
     D:3: 1188 daAuts
   Sewer: 314 daAuts
     D:4: 190 daAuts
